 Dungeon Sprint DCSS version 0.29-a0-824-gd827844252 (webtiles) character file.

Game seed: 15838147822439479187

282008 mhtbhm the Slayer (level 13, 112/130 HPs)
             Began as a Barachi Fighter on July 10, 2022.
             Was a High Priest of Trog.
             Escaped with the Orb!
             The game lasted 00:17:36 (7539 turns).

mhtbhm the Slayer (Barachi Fighter)                 Turns: 7539, Time: 00:17:37

Health: 112/130    AC: 29    Str: 36    XL:     13   Next: 36%
Magic:  4/4        EV: 11    Int:  7    God:    Trog [*****.]
Gold:   3172       SH: 12    Dex: 12    Spells: 12/12 levels left

rFire   + + .      SeeInvis +   v - +3 double sword of the Enchanted Forest {vorpal, Contam Fly MP-9 Str+8}
rCold   + + .      Faith    .   c - +0 buckler
rNeg    . . .      Spirit   .   b - +0 gold dragon scales
rPois   +          Reflect  +   p - +2 hood of the Assassin {Detection Stab+ Stlth++}
rElec   .          Harm     .   (no cloak)
rCorr   .          Rampage  +   q - +0 pair of gloves {infuse}
Will    .....      Rage     3%  r - +1 pair of boots {rampage}
Stlth   .......... NoTele   +   y - amulet of reflection
HPRegen 0.31/turn               u - +6 ring of strength
MPRegen 0.09/turn               z - ring of see invisible

@: flying, slow
A: amphibious, slowness 1, strong legs 2, +LOS, berserk 1, cold resistance 1,
dopey 1, fire resistance 1, screaming 1
0: Orb of Zot
a: Hop, Renounce Religion, Berserk, Trog's Hand, Brothers in Arms


You escaped.
You worshipped Trog.
Trog was extremely pleased with you.
You visited 1 branch You collected 6651 gold pieces.
You spent 3479 gold pieces at shops.

Inventory:

Hand Weapons
 a - a +2 double sword of protection
 o - a +7 long sword of protection
 v - the +3 double sword of the Enchanted Forest (weapon) {vorpal, Contam Fly MP-9 Str+8}
   (Trog gifted it to you in the Dungeon)

   It inflicts extra damage upon your enemies.
   Str:       It affects your strength (+8).
   MP:        It affects your magic capacity (-9).
   Fly:       It grants you flight.
   Contam:    It causes magical contamination when unequipped.
Missiles
 k - 4 curare-tipped darts (quivered)
Armour
 b - +0 gold dragon scales (worn)
 c - a +0 buckler (worn)
 p - the +2 hood of the Assassin (worn) {Detection Stab+ Stlth++}
   (You bought it in a shop in the Dungeon)

   It allows the wearer to sense nearby creatures.
   It allows the wearer to make particularly effective stabbing attacks against
   helpless or unaware enemies with any weapon.
   Stlth:     It makes you much more stealthy.
 q - a +0 pair of gloves of infusion (worn)
 r - a +1 pair of boots of rampaging (worn)
 w - a +2 helmet of see invisible
Jewellery
 u - a +6 ring of strength (left hand)
 y - an amulet of reflection (around neck)
 z - a ring of see invisible (right hand)
Wands
 f - a wand of flame (21)
 i - a wand of iceblast (2)
 E - a wand of quicksilver (3)
Scrolls
 n - a scroll of torment
 t - a scroll of identify
 A - a scroll of blinking
 B - 3 scrolls of enchant armour
 C - a scroll of enchant weapon
 D - a scroll of brand weapon
 F - a scroll of summoning
Potions
 d - 2 potions of might
 e - 9 potions of curing
 g - 2 potions of haste
 h - 2 potions of magic
 l - a potion of flight
 m - a potion of berserk rage
 G - a potion of mutation
Miscellaneous
 j - a lightning rod (4/4)
 s - a condenser vane
 x - a box of beasts


   Skills:
 + Level 21.3 Fighting
 + Level 21.2 Long Blades
 + Level 4.8 Throwing
 + Level 19.9 Armour
 + Level 8.6 Dodging
 + Level 6.0 Stealth
 + Level 14.7 Shields
 + Level 5.6 Evocations


You had 12 spell levels left.
You didn't know any spells.
Your spell library was empty.

Dungeon Overview and Level Annotations

Branches:
Dungeon (1/1)

Altars:
Cheibriados
Dithmenos
Elyvilon
Fedhas
Gozag
Hepliaklqana
Kikubaaqudgha
Makhleb
Nemelex Xobeh
Okawaru
Qazlal
Ru
Sif Muna
Trog
Uskayaw
Vehumet
Wu Jian
Xom
Yredelemnul
Zin
The Shining One
Jiyva
Lugonu

Shops:
D (?[=!:[[:?:?=!:=[[[[(:

Annotations:
D Tiamat


Innate Abilities, Weirdness & Mutations

You are amphibious.
You cover ground slowly.
You can hop long distances.
You have an extended range of vision and can be seen from far away.
You sometimes lose your temper in combat.
Your flesh is cold resistant. (rC+)
You are dopey. (Int -2)
Your flesh is heat resistant. (rF+)
You occasionally shout uncontrollably at your foes.


Message History

Tiamat, Avatar of the Dragonlord comes into view.
She is wielding a +1 vampiric bardiche and wearing the +4 dragonskin cloak.
Blink to where?
Press: ? - help, Dir - move target
As you read the scroll of blinking, it crumbles to dust.
You see here a +2 great sword of flaming.
You see here a +1 great sword of flaming.
There is an open door, spattered with blood here.
Things that are here:
a +0 great sword of flaming; an amulet of reflection You see here a +2 trident of flaming.
The daeva calls down the wrath of the Shining One upon you.
The Shining One smites you!
The daeva calls down the wrath of the Shining One upon you.
The Shining One smites you!
The daeva calls down the wrath of the Shining One upon you.
The Shining One smites you!
There is an open door, spattered with blood here.
You see here a +2 quarterstaff of flaming.
There is an open door, spattered with blood here.
You see here a +1 long sword of flaming.
There is an open door here.
You see here a +0 mace.
There is an open door here.
Things that are here:
a +0 dagger; a +0 robe
There is an open door here.
You see here a +5 antimagic falchion.
There is an open door here.
There is an open door, spattered with blood here.
There is an open door here.
Things that are here:
a +3 vampiric scythe; a +0 robe
There is an open door, spattered with blood here.
There is an open door here.
You see here a +0 giant club.
Things that are here:
a +0 club; a +0 ring mail
There is an open door, spattered with blood here.
There is a staircase leading out of the dungeon here.
You have escaped!

##################
#@.#..)..#..'..#__
#..').#..').#..'..
#..#####'#####'#__
#..####..#...#.###
#..#__####..##.#≈≈
#..#_____##'#_.'≈≈
#⌠⌠#_.∩...'..._#≈§
####_..__##_.#'##§
*,,#_____###'#.#.)


There were no monsters in sight!

Vanquished Creatures
  A golden dragon (D)
  A deep elf master archer (D)
  4 fire giants (D)
  A lorocyproca (D)
  A deep elf annihilator (D)
  A mummy priest (D)
  A hydra (D)
  2 centaur warriors (D)
  Sonja (D)
  A deep troll (D)
  A lindwurm (D)
  2 oklob plants (D)
  2 merfolk sirens (D)
  2 gargoyles (D)
  2 kobold demonologists (D)
  4 demonic crawlers (D)
  A hellwing (D)
  7 unseen horrors (D)
  5 hornets (D)
  A slime creature (D)
  Sigmund (D)
  13 hogs (D)
  A yak (D)
  2 redbacks (D)
  4 floating eyes (D)
  An ogre (D)
  7 necrophages (D)
  8 jellies (D)
  Ijyb (D)
79 creatures vanquished.

Vanquished Creatures (collateral kills)
  the Lernaean hydra (D)
  A shadow dragon (D)
  8 shining eyes (D)
  3 floating eyes (D)
13 creatures vanquished.

Vanquished Creatures (others)
  2 ballistomycete spores (D)
2 creatures vanquished.

Grand Total: 94 creatures vanquished

Notes
Turn   | Place    | Note
-------+----------+-------------------------------------------
     0 | D        | mhtbhm the Barachi Fighter began the quest for the Orb.
     0 | D        | Reached XP level 1. HP: 18/18 MP: 1/1
     2 | D        | Noticed Ijyb
    13 | D        | Killed Ijyb
    14 | D        | Reached skill level 5 in Fighting
    14 | D        | Reached skill level 5 in Armour
    14 | D        | Reached XP level 2. HP: 19/27 MP: 2/2
    14 | D        | Reached XP level 3. HP: 24/33 MP: 3/3
   152 | D        | Noticed an ogre
   156 | D        | Killed an ogre
   157 | D        | Reached skill level 5 in Shields
   157 | D        | Reached XP level 4. HP: 20/41 MP: 4/4
   324 | D        | Noticed Sigmund
   336 | D        | Killed Sigmund
   337 | D        | Reached XP level 5. HP: 6/51 MP: 5/5
   337 | D        | Reached XP level 6. HP: 6/57 MP: 6/6
   603 | D        | Found an ornate altar of the Wu Jian Council.
   603 | D        | Found a shimmering blue altar of Sif Muna.
   605 | D        | Found a radiant altar of Vehumet.
   611 | D        | Reached skill level 1 in Evocations
   690 | D        | Found Jomuz's Jewellery Emporium.
   690 | D        | Found an ancient bone altar of Kikubaaqudgha.
   690 | D        | Found a hazy altar of Hepliaklqana.
   690 | D        | Found a stormy altar of Qazlal.
   690 | D        | Found a hide-covered altar of Uskayaw.
   690 | D        | Found a blossoming altar of Fedhas.
   690 | D        | Found a bloodstained altar of Trog.
   690 | D        | Found an iron altar of Okawaru.
   690 | D        | Found a basalt altar of Yredelemnul.
   690 | D        | Found a glowing golden altar of the Shining One.
   690 | D        | Found a snail-covered altar of Cheibriados.
   690 | D        | Found a sacrificial altar of Ru.
   690 | D        | Found a glowing silver altar of Zin.
   690 | D        | Found a shadowy altar of Dithmenos.
   690 | D        | Found a white marble altar of Elyvilon.
   690 | D        | Noticed a yak
   699 | D        | Killed a yak
   700 | D        | Found an opulent altar of Gozag.
   701 | D        | Found a sparkling altar of Nemelex Xobeh.
   710 | D        | Became a worshipper of Trog the Wrathful
   790 | D        | Found a burning altar of Makhleb.
   790 | D        | Found a viscous altar of Jiyva.
   790 | D        | Found a shimmering altar of Xom.
   790 | D        | Found a corrupted altar of Lugonu.
   790 | D        | Noticed a slime creature
   804 | D        | Killed a slime creature
   805 | D        | Reached skill level 10 in Fighting
   805 | D        | Reached skill level 1 in Dodging
   805 | D        | Reached XP level 7. HP: 24/66 MP: 7/7
  1004 | D        | Noticed Sonja
  1007 | D        | Killed Sonja
  1007 | D        | Reached * piety under Trog
  1008 | D        | Reached skill level 10 in Long Blades
  1008 | D        | Reached skill level 1 in Stealth
  1008 | D        | Reached XP level 8. HP: 65/75 MP: 8/8
  1029 | D        | Found Igiucepp's Weapon Boutique.
  1158 | D        | Bought a +7 long sword of protection for 576 gold pieces
  1171 | D        | Noticed a deep troll
  1183 | D        | Killed a deep troll
  1184 | D        | Reached XP level 9. HP: 19/81 MP: 9/9
  1193 | D        | Found Liaxil's Armour Emporium.
  1452 | D        | Noticed a centaur warrior
  1453 | D        | Noticed a centaur warrior
  1462 | D        | Killed a centaur warrior
  1463 | D        | Reached skill level 1 in Throwing
  1470 | D        | Killed a centaur warrior
  1470 | D        | Reached ** piety under Trog
  1471 | D        | Reached skill level 15 in Armour
  1688 | D        | Noticed a hornet
  1692 | D        | Paralysed by a hornet for 2 turns
  1695 | D        | Killed a hornet
  1816 | D        | Noticed an oklob plant
  1824 | D        | Killed an oklob plant
  1825 | D        | Reached XP level 10. HP: 73/91 MP: 10/10
  1907 | D        | Reached *** piety under Trog
  1949 | D        | Killed an unseen horror
  1951 | D        | Killed an unseen horror
  1952 | D        | Reached skill level 15 in Long Blades
  2137 | D        | Reached **** piety under Trog
  2148 | D        | Reached ***** piety under Trog
  2558 | D        | Received a gift from Trog
  2559 | D        | Reached skill level 10 in Shields
  2559 | D        | Reached skill level 5 in Evocations
  2588 | D        | Found Fiohum's Armour Shoppe.
  2588 | D        | Found Qoluec's Antique Armour Shop.
  2588 | D        | Found Juji's Book Boutique.
  2590 | D        | Found Ofarewausu's Magic Scroll Emporium.
  2590 | D        | Found Hof Viush's Book Shop.
  2590 | D        | Found Etac's Magic Scroll Shoppe.
  2590 | D        | Found Hach's Jewellery Boutique.
  2590 | D        | Found Naollual's Distillery.
  2590 | D        | Found Fibrifi's Book Shop.
  2590 | D        | Found Owiukah's Jewellery Shoppe.
  2590 | D        | Found Sedoefy's Antique Armour Boutique.
  2624 | D        | Found Mopur's Armour Emporium.
  2624 | D        | Found Isytais's Armour Boutique.
  2625 | D        | Found Mihikh's Antique Weapon Emporium.
  2642 | D        | Bought a +1 ring mail of poison resistance for 143 gold
                  | pieces
  2648 | D        | Bought the +2 hood of the Assassin {Detection Stab+
                  | Stlth++} for 840 gold pieces
  2648 | D        | Found the +2 hood of the Assassin {Detection Stab+ Stlth++}
  2714 | D        | Noticed a kobold demonologist
  2715 | D        | Noticed a kobold demonologist
  2723 | D        | Killed a kobold demonologist
  2731 | D        | Killed a kobold demonologist
  2731 | D        | Received a gift from Trog
  2840 | D        | Noticed a demonic crawler
  2840 | D        | Noticed a demonic crawler
  2840 | D        | Noticed a demonic crawler
  2840 | D        | Noticed a demonic crawler
  2848 | D        | Killed a demonic crawler
  2853 | D        | Killed a demonic crawler
  2853 | D        | Noticed a gargoyle
  2859 | D        | Killed a demonic crawler
  2860 | D        | Reached skill level 5 in Dodging
  2864 | D        | Killed a demonic crawler
  2865 | D        | Reached skill level 15 in Fighting
  2865 | D        | Reached XP level 11. HP: 77/102 MP: 11/11
  2961 | D        | Noticed a lindwurm
  2965 | D        | Killed a lindwurm
  2984 | D        | Reached ****** piety under Trog
  2984 | D        | Received a gift from Trog
  3019 | D        | Received a gift from Trog
  3087 | D        | Noticed a 12-headed hydra
  3093 | D        | Killed an eight-headed hydra
  3094 | D        | Paralysed by a floating eye for 3 turns
  3372 | D        | Bought a pair of embroidered gloves for 232 gold pieces
  3372 | D        | Bought a pair of embroidered boots for 232 gold pieces
  3447 | D        | Noticed a daeva
  3459 | D        | Received a gift from Trog
  3460 | D        | Reached skill level 5 in Stealth
  3900 | D        | Noticed a shadow dragon
  3900 | D        | Noticed a golden dragon
  3908 | D        | Killed a golden dragon
  3918 | D        | Killed a shadow dragon
  3918 | D        | Identified the +3 double sword of the Enchanted Forest
                  | {vorpal, Contam Fly MP-9 Str+8} (Trog gifted it to you in
                  | the Dungeon)
  3918 | D        | Received a gift from Trog
  3919 | D        | Reached XP level 12. HP: 53/117 MP: 2/12
  4021 | D        | Found Vangoff's Book Shoppe.
  4264 | D        | Noticed a deep elf annihilator
  4270 | D        | Received a gift from Trog
  4271 | D        | Killed a deep elf annihilator
  4356 | D        | Noticed a mummy priest
  4366 | D        | Noticed a jiangshi
  4367 | D        | Killed a mummy priest
  4584 | D        | Noticed the 27-headed Lernaean hydra
  4592 | D        | Killed the 25-headed Lernaean hydra
  4592 | D        | Received a gift from Trog
  4673 | D        | Noticed a deep elf master archer
  4929 | D        | Killed a deep elf master archer
  5387 | D        | Bought a potion of haste for 120 gold pieces
  5387 | D        | Bought a potion of curing for 36 gold pieces
  5418 | D        | Bought a scroll of blinking for 97 gold pieces
  5418 | D        | Bought a scroll of enchant armour for 97 gold pieces
  5418 | D        | Bought a scroll of enchant weapon for 97 gold pieces
  5418 | D        | Bought a scroll of enchant armour for 97 gold pieces
  5418 | D        | Bought a scroll of identify for 26 gold pieces
  5418 | D        | Bought a scroll of magic mapping for 45 gold pieces
  5477 | D        | Noticed a lorocyproca
  5489 | D        | Killed a lorocyproca
  6561 | D        | Noticed a fire giant
  6563 | D        | Noticed a fire giant
  6571 | D        | Killed a fire giant
  6580 | D        | Killed a fire giant
  6581 | D        | Gained mutation: You can hop long distances. [Barachi
                  | growth]
  6581 | D        | Reached XP level 13. HP: 129/129 MP: 0/13
  6627 | D        | Noticed a fire giant
  6647 | D        | Killed a fire giant
  6647 | D        | Received a gift from Trog
  6962 | D        | Noticed a fire giant
  6973 | D        | Killed a fire giant
  7272 | D        | Gained mutation: Your mind is acute. (Int +4, Str/Dex -1)
                  | [a shining eye]
  7272 | D        | Gained mutation: You sometimes lose your temper in combat.
                  | [a shining eye]
  7273 | D        | Paralysed by a floating eye for 4 turns
  7273 | D        | Gained mutation: Armour fits poorly on your strangely
                  | shaped body. [a shining eye]
  7274 | D        | Lost mutation: Your mind is acute. (Int +4, Str/Dex -1) [a
                  | shining eye]
  7275 | D        | Gained mutation: You occasionally lose the ability to drink
                  | potions when taking damage. [a shining eye]
  7275 | D        | Gained mutation: You occasionally shout uncontrollably at
                  | your foes. [a shining eye]
  7276 | D        | Gained mutation: Your flesh is cold resistant. (rC+) [a
                  | shining eye]
  7277 | D        | Received a gift from Trog
  7287 | D        | Found Ecargh's Distillery.
  7287 | D        | Found Xilitaud's Magic Scroll Shoppe.
  7287 | D        | Found Hafuqyfo's Book Boutique.
  7287 | D        | Found Yssurch's Antique Armour Emporium.
  7298 | D        | Bought a scroll of blinking for 97 gold pieces
  7298 | D        | Bought a scroll of blinking for 97 gold pieces
  7298 | D        | Bought a scroll of brand weapon for 260 gold pieces
  7298 | D        | Bought a scroll of summoning for 123 gold pieces
  7309 | D        | Bought a potion of curing for 36 gold pieces
  7309 | D        | Bought a potion of curing for 36 gold pieces
  7309 | D        | Bought 2 potions of mutation for 192 gold pieces
  7309 | D        | Lost mutation: You occasionally lose the ability to drink
                  | potions when taking damage. [potion of mutation]
  7309 | D        | Lost mutation: Armour fits poorly on your strangely shaped
                  | body. [potion of mutation]
  7309 | D        | Gained mutation: You are dopey. (Int -2) [potion of
                  | mutation]
  7309 | D        | Gained mutation: Your flesh is heat resistant. (rF+)
                  | [potion of mutation]
  7477 | D        | Got the Orb of Zot
  7477 | D        | Found the +4 dragonskin cloak
  7477 | D        | Noticed Tiamat
  7539 | D        | Escaped with the Orb!

Illustrated notes

Levels and vault maps discovered:
D:        dungeon_sprint_1 [red_sonja_temple_1, red_sonja_temple_small_1]

Skill      XL: |  1  2  3  4  5  6  7  8  9 10 11 12 13 |
---------------+----------------------------------------+-----
Fighting       | 5 6 8 10 11 12 15 18 20 21 | 21.3
Long Blades    | 3 4 6 8 10 11 14 16 18 20 21 | 21.2
Armour         | 5 7 9 11 13 14 15 16 18 19 | 19.9
Shields        | 4 5 7 8 9 10 12 14 | 14.7
Evocations     | 1 2 3 4 5 |  5.6
Dodging        | 1 2 3 5 7 8 |  8.6
Stealth        | 1 3 4 5 6 |  6.0
Throwing       | 1 2 4 |  4.8

Action                   |  1- 3 |  4- 6 |  7- 9 | 10-12 | 13-15 || total
-------------------------+-------+-------+-------+-------+-------++-------
Melee: Long sword        |    12 |    35 |    34 |   160 |       ||   241
       Double sword      |       |       |       |    86 |    25 ||   111
Throw: Dart              |       |       |     2 |     6 |       ||     8
Invok: Berserk           |       |       |     1 |    10 |     1 ||    12
       Brothers in Arms  |       |       |       |     2 |     3 ||     5
 Abil: Hop               |       |       |     1 |       |       ||     1
Evoke: Wand              |     1 |     2 |     3 |       |       ||     6
       Condenser vane    |       |       |       |     1 |     1 ||     2
       Lightning rod     |       |       |       |       |     1 ||     1
  Use: Potion            |     1 |       |     1 |       |     1 ||     3
       Scroll            |       |       |       |     3 |     5 ||     8
 Stab: Sleeping          |       |       |       |     1 |       ||     1
Armor: Scale mail        |     1 |     4 |    17 |    21 |       ||    43
       Ring mail         |       |       |       |    64 |       ||    64
       Gold dragon scale |       |       |       |    31 |     2 ||    33
Dodge: Dodged            |     6 |    10 |    13 |    76 |     1 ||   106
Block: Buckler           |     1 |     5 |    14 |    62 |     7 ||    89

Table legend: (Time is in decaauts)
 A = Elapsed time spent in this place.
 B = Non-inter-level travel time spent in this place.
 C = Inter-level travel time spent in this place.
 D = Time resting spent in this place.
 E = Time spent auto-exploring this place.
 F = Levels seen in this place.
 G = Mean time per level.
                   A        B        C        D        E       F      G
               +--------+--------+--------+--------+--------+-----+--------+
         Total |   7930 |   7790 |    140 |   5134 |      0 |   1 | 7930.0 |
       Dungeon |   7930 |   7790 |    140 |   5134 |      0 |   1 | 7930.0 |
               +--------+--------+--------+--------+--------+-----+--------+

Top non-repeatable levels by time:
       D: 7930 daAuts
